AoeStats
← cevdetaybars

Nomad

508708067Analyzed
3v3 RM · 9d ago on Sep 23, 2026· 64m 24s· 6 players
Game mode
Random Map
Map size
210×210
Population
200
Speed
Normal
Resources
Standard
Victory
Conquest
Starting age
Dark Age
Ending age
Imperial Age
RankedLock teamsTeams togetherTeam positionsShared explorationLock speedFull tech treeHidden civsTurbo modeCheats
Victory
Defeat
🇹🇷 Italians · Türkiye
1102
+16
🇹🇷 Varangians · Türkiye
1040
+18
🇹🇷 Dravidians · Türkiye
1025
+18
🇺🇸 Britons · United States
1103
-18
🇬🇧 Koreans · United Kingdom
1085
-17
🇳🇱 Malians · Netherlands
1073
-17
DazCar
4:09 Loom
13:41 Feudal Age
19:26 Castle Age
17:54 Fletching
19:36 Double-Bit Axe
24:41 Fishing Lines
28:24 Bodkin Arrow
38:34 Gillnets
47:12 Imperial Age
46:13 Ballistics
48:20 Bracer
55:52 Chemistry
54:30 Elite War Wagon
56:52 Scale Barding Armor
57:47 Husbandry
58:00 Forging
59:14 Light Cavalry
HotHardFatherDaddy
4:51 Loom
15:09 Feudal Age
19:55 Fletching
22:01 Wheelbarrow
24:43 Castle Age
23:14 Forging
helium2
7:28 Loom
12:59 Feudal Age
14:21 Double-Bit Axe
19:18 Castle Age
18:04 Stone Mining
18:55 Bloodlines
18:42 Gold Mining
23:41 Man-at-Arms
26:35 Wheelbarrow
26:17 Bow Saw
26:37 Fletching
32:07 Imperial Age
31:43 Horse Collar
34:38 Murder Holes
38:08 Ballistics
37:48 Bodkin Arrow
42:00 Conscription
44:33 Forging
45:30 Cavalier
46:40 Husbandry
47:30 Scale Barding Armor
48:01 Iron Casting
57:50 Hand Cart
57:21 Town Watch
59:00 Guard Tower
62:10 Town Patrol
63:11 Chain Barding Armor
63:26 Farimba
dgn.cihat
3:31 Loom
16:35 Feudal Age
17:25 Fishing Lines
17:49 Double-Bit Axe
20:41 Castle Age
18:42 Gold Mining
19:37 Fletching
22:18 Medium Warships
22:58 Bow Saw
23:32 Gillnets
26:48 Wheelbarrow
27:48 Town Watch
28:20 Stone Mining
29:13 Bodkin Arrow
29:29 Forging
31:23 Stone Shaft Mining
34:57 Padded Archer Armor
36:33 Bloodlines
37:56 Careening
40:20 Imperial Age
39:18 Ballistics
39:08 Clinker Construction
40:52 Horse Collar
40:48 Elite Longship
43:19 Two-Man Saw
42:59 Hand Cart
42:48 Heavy Plow
42:57 Bracer
44:10 Chemistry
44:20 Crop Rotation
44:50 Conscription
45:00 Town Patrol
44:44 Capped Ram
46:54 Shipwright
46:22 Treadmill Crane
47:27 Gothikon
48:30 Squires
48:40 Siege Ram
50:55 Scale Barding Armor
51:25 Iron Casting
50:51 Scale Mail Armor
51:06 Leather Archer Armor
51:40 Gambesons
51:49 Vendel Legacy
52:14 Pikeman
53:56 Husbandry
53:16 Light Cavalry
54:16 Cavalier
55:04 Siege Engineers
56:21 Elite Jarl
58:34 Murder Holes
59:00 Dry Dock
58:59 Elite Varangian Guard
60:38 Halberdier
61:44 Chain Barding Armor
62:35 Guilds
muhammedgulerydo
4:43 Loom
14:38 Feudal Age
15:56 Double-Bit Axe
18:49 Castle Age
16:51 Padded Archer Armor
16:42 Fletching
16:42 Fishing Lines
17:27 Gold Mining
18:17 Stone Mining
19:56 Medium Warships
20:23 Bow Saw
24:07 Gillnets
27:53 Bodkin Arrow
29:56 Leather Archer Armor
31:15 Stone Shaft Mining
32:49 Wheelbarrow
33:08 Demolition Ship
37:34 Imperial Age
35:20 Hand Cart
38:12 Scale Mail Armor
38:18 Scale Barding Armor
40:12 Chemistry
38:59 Arrowslits
40:36 Heavy Warships
46:49 Bracer
50:59 Fortified Wall
50:45 Murder Holes
57:43 Elite Genoese Crossbowman
58:44 Conscription
59:00 Hoardings
cevdetaybars
3:15 Loom
15:33 Feudal Age
16:18 Double-Bit Axe
16:16 Fishing Lines
16:52 Man-at-Arms
21:36 Castle Age
19:43 Arson
20:39 Fletching
21:01 Forging
21:45 Long Swordsman
22:11 Gambesons
23:04 Iron Casting
22:29 Bodkin Arrow
22:09 Elite Skirmisher
22:56 Thumb Ring
24:13 Wheelbarrow
24:17 Bow Saw
24:02 Gillnets
25:59 Padded Archer Armor
28:19 Leather Archer Armor
28:40 Iron Casting
29:44 Hand Cart
37:47 Pikeman
39:20 Ballistics
40:57 Town Watch
56:58 Imperial Age
56:05 Medical Corps
57:03 Murder Holes
57:48 Bracer
61:17 Chemistry
60:55 Conscription
Connection lost

Rejoining the realm…

Still unreachable

The connection could not be restored.

Session expired

The server has moved on; the page needs a fresh start.